 Dungeon Crawl Stone Soup version 0.19.4-8-ga85b6b9 (webtiles) character file.

1474 Lennu the Cudgeler (level 8, -1/63 HPs)
             Began as a Demonspawn Fighter on Feb 9, 2017.
             Slain by a slave (4 damage)
             ... led by Pikel
             ... on level 5 of the Dungeon.
             The game lasted 00:15:07 (5415 turns).

Lennu the Cudgeler (Demonspawn Fighter)             Turns: 5415, Time: 00:15:08

Health: -1/63      AC:  1    Str: 17    XL:     8   Next: 49%
Magic:  17/17      EV: 10    Int: 10    God:
Gold:   234        SH: 10    Dex: 14    Spells: 0 memorised, 7 levels left

rFire  + . .     SeeInvis .     r - +0 morningstar
rCold  . . .     Gourm    .     e - +0 ring mail (curse)
rNeg   . . .     Faith    .     c - +1 shield
rPois  .         Spirit   .     (helmet restricted)
rElec  .         Reflect  .     (no cloak)
rCorr  .         Harm     .     (no gloves)
MR     +....                    (no boots)
Stlth  ..........               (no amulet)
                                (no ring)
                                h - ring of magical power

@: corroded
A: hooves 1, horns 1, iridescent scales 2, fire resistance 1, magic resistance
1, spiny 2
a: no special abilities


You were on level 5 of the Dungeon.
You were not hungry.

You visited 1 branch of the dungeon, and saw 5 of its levels.

You collected 234 gold pieces.

Inventory:

Hand Weapons
 r - a +0 morningstar (weapon)
Armour
 c - a +1 shield (worn)
 e - a cursed +0 ring mail (worn)
Jewellery
 h - a ring of magical power (left hand)
Wands
 b - a wand of confusion (29/48)
Scrolls
 i - 2 scrolls of blinking
 n - 2 scrolls of amnesia
 q - a scroll of magic mapping {unknown}
 s - a scroll of random uselessness {unknown}
 u - a scroll of teleportation
 y - a scroll of fog {unknown}
Potions
 d - 2 potions of might
 g - 2 potions of invisibility
 k - 3 potions of cure mutation
 l - a potion of cancellation
 m - 2 potions of curing
 o - a potion of resistance {unknown}
 p - 2 potions of flight {unknown}
 t - a potion of brilliance {unknown}
 x - 2 potions of haste
Comestibles
 a - 7 chunks of flesh
 f - 4 bread rations
 j - 4 fruits
 v - 2 royal jellies
 w - a slice of pizza


   Skills:
 * Level 5.5 Fighting
 * Level 6.4 Maces & Flails
 + Level 4.3 Armour
 * Level 2.6 Dodging
 * Level 4.8 Shields


You had 7 spell levels left.
You didn't know any spells.

Dungeon Overview and Level Annotations

Branches:
Dungeon (5/15)
 Temple: D:4-7

Altars:
Elyvilon
Fedhas
Nemelex Xobeh
Qazlal
Xom


Innate Abilities, Weirdness & Mutations

You have large cloven feet.
You are mostly covered in iridescent scales. (AC +4)
You are mostly covered in sharp spines.
You have a pair of small horns on your head.
Your flesh is heat resistant. (rF+)
You are resistant to hostile enchantments. (MR+)


Message History

There isn't anything to butcher here.
You start waiting.
A crimson imp is nearby!
A slave comes into view.
A slave comes into view.
There is an open door here.
The crimson imp zaps a wand.
The bolt of acid hits you! The acid corrodes you!
You are splashed with acid!
The acid burns!
It is a wand of acid.
You block the slave's attack. You block the crimson imp's attack.
You closely miss the crimson imp.
You kick the crimson imp, but do no damage.
You block the slave's attack.
The crimson imp zaps a wand.
The bolt of acid hits you! The acid corrodes you!
You are splashed with acid!
The acid burns!
* * * LOW HITPOINT WARNING * * *
You closely miss the crimson imp. Your kick misses the crimson imp.
Your headbutt misses the crimson imp. The slave is struck by your spines.
The slave closely misses you. You block the crimson imp's attack.
You block the slave's attack. The slave hits you.
You die...

.. #.# ..# .. . #
#.###########.##.##.#
#............... ..
+....##.########.##.##.#
#....##....#...)).......
#....#####.#.###.##.##.#
#....# #.#.###'##
.....#####.#.##...#
.......).....##.@.#
#............##p5p#
#.##.........##...#
#.........##...#
#.........####..
#######+#+# #.. .. ..#


You could see 2 slaves and a crimson imp.

Vanquished Creatures
  The ghost of Bavatarro the Conjurer, an amateur DrCj (D:3)
  Sigmund (D:2)
  Menkaure (D:5)
  A phantom (D:4)
  A centaur (D:5)
  A bullfrog (D:5)
  Blork the orc (D:5)
  A scorpion (D:3)
  A howler monkey (D:5)
  3 crimson imps
  3 orc priests
  A bullfrog skeleton (D:4)
  Jessica (D:2)
  3 orc wizards
  3 worker ants (D:4)
  3 gnolls (D:4)
  8 adders
  A howler monkey skeleton (D:4)
  A worm (D:3)
  4 dart slugs
  4 leopard geckos
  16 orcs
  7 bats
  4 giant cockroaches
  5 goblins
  3 hobgoblins
  A jackal (D:3)
  12 kobolds
  2 quokkas
  2 ball pythons (D:2)
  3 frilled lizards (D:2)
  39 rats
138 creatures vanquished.

Vanquished Creatures (others)
  A quokka (D:4)
1 creature vanquished.

Grand Total: 139 creatures vanquished

Notes
Turn   | Place    | Note
-------+----------+-------------------------------------------
     0 | D:1      | Lennu the Demonspawn Fighter began the quest for the Orb.
     0 | D:1      | Reached XP level 1. HP: 18/18 MP: 1/1
    75 | D:1      | Gained mutation: Your flesh is heat resistant. (rF+) [potion of mutation]
    75 | D:1      | Gained mutation: You are resistant to hostile enchantments. (MR+) [potion of mutation]
    75 | D:1      | Gained mutation: You have a pair of small horns on your head. [potion of mutation]
   282 | D:1      | Gained mutation: You are partially covered in sharp spines. [demonic ancestry]
   282 | D:1      | Reached XP level 2. HP: 19/24 MP: 2/2
   812 | D:2      | Found a blossoming altar of Fedhas.
   813 | D:2      | Noticed Sigmund
   823 | D:2      | Killed Sigmund
   823 | D:2      | Reached skill level 2 in Maces & Flails
   823 | D:2      | Reached XP level 3. HP: 29/30 MP: 3/3
   823 | D:2      | Gained mutation: You are mostly covered in sharp spines. [demonic ancestry]
   823 | D:2      | Reached XP level 4. HP: 36/37 MP: 4/4
   823 | D:2      | Gained mutation: You are partially covered in iridescent scales. (AC +2) [demonic ancestry]
   823 | D:2      | Reached XP level 5. HP: 41/42 MP: 5/5
   964 | D:2      | Noticed Jessica
   966 | D:2      | Killed Jessica
  1094 | D:2      | Reached skill level 1 in Dodging
  1202 | D:2      | Found a stormy altar of Qazlal.
  1521 | D:3      | Found a sparkling altar of Nemelex Xobeh.
  1538 | D:3      | Reached XP level 6. HP: 48/49 MP: 6/6
  1543 | D:3      | Reached skill level 3 in Maces & Flails
  1866 | D:3      | Noticed Bavatarro's ghost (amateur DrCj)
  1904 | D:3      | Killed Bavatarro's ghost
  1918 | D:3      | Reached skill level 4 in Maces & Flails
  1918 | D:3      | Gained mutation: You have large cloven feet. [demonic ancestry]
  1918 | D:3      | Reached XP level 7. HP: 14/55 MP: 7/7
  2803 | D:4      | Found a white marble altar of Elyvilon.
  2843 | D:4      | Found a shimmering altar of Xom.
  3786 | D:4      | Reached skill level 5 in Fighting
  3786 | D:4      | Reached skill level 5 in Maces & Flails
  4477 | D:4      | Gained mutation: You are mostly covered in iridescent scales. (AC +4) [demonic ancestry]
  4477 | D:4      | Reached XP level 8. HP: 50/62 MP: 8/8
  4783 | D:5      | Entered Level 5 of the Dungeon
  4829 | D:5      | Noticed Menkaure
  4835 | D:5      | Killed Menkaure
  4838 | D:5      | Reached skill level 6 in Maces & Flails
  5317 | D:5      | Noticed Blork the orc
  5327 | D:5      | Killed Blork the orc
  5414 | D:5      | HP: 3/63 [acid (16)]
  5415 | D:5      | Slain by a slave

Skill      XL: |  1  2  3  4  5  6  7  8 |
---------------+-------------------------+-----
Armour         | 3 4 |  4.3
Fighting       | 4 5 |  5.5
Maces & Flails | 2 4 5 6 |  6.4
Shields        | 3 4 |  4.8
Dodging        | 1 2 |  2.6

Action                   |  1- 3 |  4- 6 |  7- 9 || total
-------------------------+-------+-------+-------++-------
Melee: Flail             |    28 |   118 |   127 ||   273
       Headbutt          |     5 |    13 |    33 ||    51
       Kick              |       |       |    48 ||    48
       Morningstar       |       |       |    80 ||    80
  Use: Scroll            |     7 |     4 |     2 ||    13
       Potion            |     2 |     1 |     1 ||     4
 Stab: Sleeping          |       |     2 |       ||     2
       Invisible         |       |       |     1 ||     1
  Eat: Chunk             |       |     3 |    11 ||    14
       Fruit             |       |       |     1 ||     1
Armor: Leather armour    |     2 |    16 |    14 ||    32
       Skin              |       |    30 |       ||    30
       Ring mail         |       |       |    34 ||    34
Dodge: Dodged            |     6 |    21 |    47 ||    74
Block: Shield            |    13 |    52 |    83 ||   148
